Unix NetHack Version 5.0.0-0 post-release - last build Jul 19 2026 19:10:59 (3aa4ab31751d3886436d94b585a96704892fd477,branch:main).

Game began 2026-07-19 21:22:02, ended 2026-07-20 11:07:13.

FoolishJester, lawful male human Knight

   ---
   |<.-                           -
   -h..                          .  .
    .@G
    ..G
    ...

FoolishJester the Esquire  St:18 Dx:9 Co:11 In:7 Wi:14 Ch:17  Lawful
Dlvl:6  $:47 HP:0(48) Pw:34(34) AC:3  Xp:5 T:1367  Burdened

Latest messages:
 The gnome hits!
 You kill the gnome!
 There are several objects here.
 You hit the gnome.
 You kill the gnome!
 You see here a milky potion.
 There are several objects here.
 You have a little trouble lifting P - a scroll labeled FNORD.
 p - a magenta potion.
 Q - a black gem.
 You see here a milky potion.
 You have a little trouble lifting R - a milky potion.
 You have a little trouble lifting S - 14 arrows.
 You have a little trouble lifting T - 10 arrows.
 You are beginning to feel hungry.
 What do you want to eat? [ghkn or ?*] g
 Core dumped.
 What do you want to eat? [ghkn or ?*] g
 Blecch!  Rotten food!
 Pick a monster, object or location.
 You fall down the stairs.
 The dwarf wields a dagger!
 The bottle crashes on your head and breaks into shards.
 The cloudy potion evaporates.
 You feel rather tired.
 The dwarf thrusts her dagger.
 The dwarf hits!
 It is missed.
 A crossbow bolt misses you.
 It is hit.
 The dwarf thrusts her dagger.
 The dwarf hits!
 The dwarf thrusts her dagger.
 The dwarf hits!
 The gnome hits!
 The gnome just misses!
 You can move again.
 The gnome lord hits!
 You hit the gnome.
 The gnome lord hits!
 The gnome hits!
 You see here a crossbow bolt.
 The dwarf thrusts her dagger.
 The dwarf hits!
 You die...
 Do you want your possessions identified? y
 Do you want to see your attributes? y
 Do you want an account of creatures vanquished? y
 Do you want to see your conduct and achievements? y
 Do you want to see the dungeon overview? y

Inventory:
 Coins    ('$')
  $ - 47 gold pieces
 Weapons  (')')
  T - 10 blessed +2 arrows
  S - 14 +0 arrows
  G - 9 cursed -1 arrows
  H - 5 blessed +1 crossbow bolts
  J - 11 +0 crossbow bolts
  K - a +0 crossbow
  I - a rotted +0 crossbow
  F - 4 +0 darts
  L - 8 cursed -1 darts
  a - a rusty +1 long sword (alternate weapon; not wielded)
  b - a +1 lance (weapon in right hand)
 Armor    ('[')
  d - an uncursed +0 helmet (being worn)
  f - an uncursed +0 pair of leather gloves (being worn)
  e - an uncursed +0 small shield (being worn)
  c - an uncursed +1 ring mail (being worn)
 Comestibles  ('%')
  g - 2 uncursed apples
  h - 9 uncursed carrots
  k - 2 uncursed food rations
  n - an uncursed egg
 Scrolls  ('?')
  m - an uncursed scroll of amnesia
  P - an uncursed scroll of enchant weapon
 Spellbooks  ('+')
  i - an uncursed spellbook of blank paper
 Potions  ('!')
  p - a blessed potion of enlightenment
  R - an uncursed potion of polymorph
  j - a potion of holy water
 Rings    ('=')
  v - an uncursed ring of invisibility
 Gems/Stones  ('*')
  O - 2 uncursed garnet stones
  Q - an uncursed worthless piece of black glass
  M - an uncursed worthless piece of blue glass
  N - an uncursed worthless piece of orange glass
  E - 5 uncursed worthless pieces of yellowish brown glass

FoolishJester the Knight's attributes:

Background:
 You were an Esquire, a level 5 male human Knight.
 You were lawful, nominally on a mission for Lugh
 who was opposed by Brigit (neutral) and Manannan Mac Lir (chaotic).
 You were right-handed.
 You were in the Gnomish Mines, on level 6.
 You entered the dungeon 1367 turns ago.
 You had 223 experience points, 97 more were needed to attain level 6.

Basics:
 You had 0 out of 48 hit points.
 You had all 34 energy points (spell power).
 Your armor class was 3.
 Your wallet contained 47 zorkmids.
 Autopickup was off.

Final Characteristics:
 Your strength was 18 (limit:18/100).
 Your dexterity was 9 (limit:18).
 Your constitution was 11 (limit:18).
 Your intelligence was 7 (limit:18).
 Your wisdom was 14 (limit:18).
 Your charisma was 17 (limit:18).

Final Status:
 You weren't hungry.
 You were burdened; movement was slightly slowed.
 You were wielding a lance.
 You had basic skill with lance.

Final Attributes:
 You were devoutly aligned.
 You could jump.
 You were warded.
 You are dead.

Miscellaneous:
 You didn't encounter any bones levels.
 Total elapsed playing time was 36 minutes and 44 seconds.

Major events:
 Turn
    1: FoolishJester the lawful male human Knight entered the dungeon
  728: attained the rank of Esquire (level 3)
  871: entered the Gnomish Mines
 1367: killed by a dwarf

You didn't know any spells.

Skills:
 Fighting Skills
   bare handed combat [Unskilled]
   two weapon combat  [Unskilled]
   riding             [Basic]
 Weapon Skills
   dagger             [Unskilled]
   knife              [Unskilled]
   axe                [Unskilled]
   pick-axe           [Unskilled]
   short sword        [Unskilled]
   broadsword         [Unskilled]
   long sword         [Basic]
   two-handed sword   [Unskilled]
   saber              [Unskilled]
   club               [Unskilled]
   mace               [Unskilled]
   morning star       [Unskilled]
   flail              [Unskilled]
   hammer             [Unskilled]
   polearms           [Unskilled]
   spear              [Unskilled]
   trident            [Unskilled]
   lance              [Basic]
   bow                [Unskilled]
   crossbow           [Unskilled]
 Spellcasting Skills
   attack spells      [Unskilled]
   healing spells     [Unskilled]
   clerical spells    [Unskilled]

Voluntary challenges:
 Character rerolling was not enabled.
 You followed a strict vegan diet.
 You were an atheist.
 You were illiterate.
 You never genocided any monsters.
 You never polymorphed an object.
 You never changed form.
 You used no wishes.
Achievements:
 You attained the rank of Esquire.
 You entered a shop.
 You entered the Gnomish Mines.

 The Dungeons of Doom: levels 1 to 4
    Level 1:
       A grave.
    Level 2:
    Level 3:
       An armor shop.
       Stairs down to The Gnomish Mines.
    Level 4:
 The Gnomish Mines: levels 4 to 6
    Level 4:
    Level 5:
    Level 6: <- You were here.
       Final resting place for
          you, killed by a dwarf.


Vanquished creatures:
  a pony
  a shrieker
  2 gnome leaders
  a little dog
  a floating eye
  a giant rat
  a yellow mold
 18 gnomes
  2 goblins
  4 grid bugs
  4 lichens
  a kobold zombie
  4 newts
41 creatures vanquished.

No species were genocided or became extinct.

Game over:
                       ----------
                      /          \
                     /    REST    \
                    /      IN      \
                   /     PEACE      \
                  /                  \
                  |  FoolishJester   |
                  |      47 Au       |
                  |   killed by a    |
                  |      dwarf       |
                  |                  |
                  |                  |
                  |       2026       |
                 *|     *  *  *      | *
        _________)/\\_//(\/(/\)/\//\/|_)_______

Fare thee well FoolishJester the Knight...

You died in The Gnomish Mines on dungeon level 6 with 1185 points,
and 47 pieces of gold, after 1367 moves.
You were level 5 with a maximum of 48 hit points when you died.

